 Dungeon Crawl Stone Soup version 0.29-a0-542-g075992c915 (webtiles) character file.

Game seed: 3460295320750014313

2833 Zonian the Covert (level 9, 0/37 (39) HPs)
             Began as a Spriggan Venom Mage on June 4, 2022.
             Was a Believer of Nemelex Xobeh.
             Slain by a wight
             ... wielding a +2 hand axe of electrocution
              (15 damage)
             ... on level 7 of the Dungeon.
             The game lasted 00:29:48 (17485 turns).

Zonian the Covert (Spriggan Venom Mage)            Turns: 17485, Time: 00:29:48

HP:   0/37 (39)     AC:  3    Str: 10    XL:     9   Next: 45%
MP:   19/19         EV: 21    Int: 16    God:    Nemelex Xobeh [**....]
Gold: 359           SH: 10    Dex: 20    Spells: 14/20 levels left

rFire   . . .      SeeInvis +   C - +5 dagger (venom)
rCold   . . .      Faith    .   l - +3 warlock's mirror {reflect}
rNeg    . . .      Spirit   .   a - +1 robe
rPois   .          Reflect  +   (helmet restricted)
rElec   .          Harm     .   (no cloak)
rCorr   .          Rampage  .   (gloves unavailable)
Will    +....                   (boots unavailable)
Stlth   ++++......              (no amulet)
HPRegen 0.12/turn               y - +6 ring of strength
MPRegen 0.16/turn               (no ring)

@: drained, very quick
A: very small, no large weapons, unfitting armour, see invisible, speed 3
a: Renounce Religion, Draw Escape, Draw Destruction, Draw Summoning


You were on level 7 of the Dungeon.
You worshipped Nemelex Xobeh.
Nemelex Xobeh was pleased with you.
You visited 1 branch of the dungeon, and saw 7 of its levels.

You collected 359 gold pieces.

Inventory:

Hand Weapons
 c - a +0 rapier
 d - a +0 dagger
 i - a +0 short sword
 m - a +1 short sword of venom
 w - a +0 short sword
 z - a +1 spear of freezing
 C - a +5 dagger of venom (weapon)
Missiles
 u - 13 poisoned darts
 v - a throwing net
Armour
 a - a +1 robe (worn)
 l - the +3 warlock's mirror (worn) {reflect}
   (You acquired it on level 4 of the Dungeon)

   It can block and reflect piercing ranged attacks and magical attacks against
   the wielder's willpower.
Jewellery
 y - a +6 ring of strength (left hand)
Wands
 A - a wand of paralysis (5)
 B - a wand of acid (20)
Scrolls
 g - a scroll of vulnerability
 h - 4 scrolls of teleportation
 n - 3 scrolls of magic mapping
 q - a scroll of fear
Potions
 b - 2 potions of magic
 e - 3 potions of might
 f - a potion of berserk rage
 j - 2 potions of resistance
 k - 2 potions of attraction
 o - a potion of haste {unknown}
 p - 2 potions of curing
 r - 2 potions of flight
 s - 2 potions of mutation
 t - 3 potions of cancellation
 x - a potion of heal wounds {unknown}


   Skills:
 + Level 3.8 Short Blades
 + Level 6.8 Dodging
 + Level 8.0 Stealth
 + Level 2.4 Shields
 + Level 6.2 Spellcasting
 + Level 2.3 Conjurations
 - Level 6.0 Transmutations
 + Level 4.0 Air Magic
 + Level 5.4 Poison Magic


You had 14 spell levels left.
You knew the following spells:

 Your Spells              Type           Power      Damage    Failure   Level
a - Sting                 Tmut/Pois      92%        1d7       2%          1
b - Poisonous Vapours     Pois/Air       40%        N/A       6%          2
c - Mephitic Cloud        Conj/Pois/Air  17%        N/A       17%         3

Your spell library contained the following spells:

 Spells                   Type           Power      Damage    Failure   Level
 Wereblood                Tmut           24%        N/A       3%          2
 Magic Dart               Conj           48%        1d5       11%         1
 Olgreb's Toxic Radiance  Pois           22%        N/A       28%         4
 Call Imp                 Summ           5%         N/A       38%         2
 Sublimation of Blood     Necr           5%         N/A       38%         2
 Blade Hands              Tmut           12%        N/A       54%         5
 Irradiate                Conj/Tmut      9%         3d16      80%         5
 Dragon Form              Tmut           12%        N/A       100%        7
 Summon Hydra             Summ           2%         N/A       100%        7


Dungeon Overview and Level Annotations

Branches:
Dungeon (7/15)
 Temple: D:4-7

Altars:
Nemelex Xobeh

Annotations:
D:3 1 runed translucent door, Crazy Yiuf


Innate Abilities, Weirdness & Mutations

You are very small and have problems with some larger weapons.
You are too small for most types of armour.
You have supernaturally acute eyesight. (SInv)
You cover ground extremely quickly. (Speed+++)


Message History

There is a stone staircase leading down here.
You climb downwards.
You block the wight's attack.
There is a stone staircase leading up, spattered with blood here.
Unknown command.
You closely miss the wight. You block the wight's attack.
You hit the wight.
The wight is lightly damaged.
You block the wight's attack.
You hit the wight.
The wight is moderately damaged.
You block the wight's attack.
You hit the wight.
The wight is heavily damaged.
The wight closely misses you.
You closely miss the wight.
The wight is heavily damaged.
The wight closely misses you.
You closely miss the wight.
The wight is heavily damaged.
The wight misses you.
You hit the wight but do no damage.
The wight is heavily damaged.
You block the wight's attack.
You hit the wight.
The wight is almost destroyed.
You block the wight's attack.
You hit the wight.
You destroy the wight!
Things that are here:
a +0 falchion; a +0 robe
Found an escape hatch in the ceiling.
A wight comes into view. It is wielding a +2 scimitar.
Unknown command.
You closely miss the wight.
The wight hits you with a +2 hand axe of electrocution!
You completely miss the wight.
The wight hits you with a +2 hand axe of electrocution!
You feel drained.
You are electrocuted!
You die...
Your body disappears without a glow.

... #...............# .#..
#.............).#
....##...............#
#...................#
#.##............<...#
#.#..........)..##
#..Y...........##
###.#####.###### #.# #@.#
##.####z#####
##.....#.....# ..
##.............# ...
#.............?.#
....#...............#
....#...............#
...P.P............<.#
..Pā‰ˆā‰ˆā‰ˆ..............#


You could see a wight.

Vanquished Creatures
  A steam dragon (D:6)
  Edmund (D:5)
  A water moccasin (D:6)
  3 ice beasts
  A sky beast (D:7)
  A black bear (D:4)
  3 centaurs
  2 ogres
  2 phantoms (D:6)
  A kobold brigand (D:6)
  A bullfrog (D:6)
  3 scorpions
  2 wights
  A howler monkey (D:5)
  2 gnoll shamans
  2 orc priests
  5 hounds
  Ijyb (D:5)
  Jessica (D:3)
  6 iguanas
  4 orc wizards
  13 gnolls
  11 adders
  An ufetubus (D:6)
  2 worms
  2 dart slugs (D:1)
  17 orcs
  6 endoplasms
  4 giant cockroaches
  6 goblins
  2 hobgoblins
  14 jackals
  2 quokkas
  4 ball pythons
  6 bats
  3 frilled lizards
  14 kobolds
  4 rats
155 creatures vanquished.

Vanquished Creatures (collateral kills)
  A sky beast (D:6)
  A gnoll (D:6)
2 creatures vanquished.

Vanquished Creatures (others)
  A plant (D:7)
1 creature vanquished.

Grand Total: 158 creatures vanquished

Notes
Turn   | Place    | Note
-------+----------+-------------------------------------------
     0 | D:1      | Zonian the Spriggan Venom Mage began the quest for the Orb.
     0 | D:1      | Reached XP level 1. HP: 9/9 MP: 5/5
   325 | D:1      | Reached XP level 2. HP: 13/13 MP: 1/6
  1695 | D:1      | Learned a level 2 spell: Poisonous Vapours
  1747 | D:2      | Reached XP level 3. HP: 15/16 MP: 1/8
  2348 | D:2      | Found a sparkling altar of Nemelex Xobeh.
  2473 | D:2      | Became a worshipper of Nemelex Xobeh the Trickster
  2663 | D:2      | Reached XP level 4. HP: 21/21 MP: 4/9
  2926 | D:2      | Reached skill level 4 in Stealth
  3239 | D:2      | Found a faded altar of an unknown god.
  3719 | D:3      | Reached skill level 1 in Air Magic
  4675 | D:3      | Noticed Jessica
  4681 | D:3      | Killed Jessica
  4682 | D:3      | Reached XP level 5. HP: 24/24 MP: 7/11
  4887 | D:3      | Found a runed translucent door.
  4888 | D:3      | Noticed Crazy Yiuf
  5278 | D:4      | Learned a level 3 spell: Mephitic Cloud
  6007 | D:4      | Reached * piety under Nemelex Xobeh
  6097 | D:4      | Reached XP level 6. HP: 15/28 MP: 7/13
  6130 | D:4      | Reached skill level 5 in Stealth
  8342 | D:4      | Reached skill level 1 in Short Blades
  8342 | D:4      | Reached XP level 7. HP: 19/32 MP: 8/14
  8829 | D:4      | Identified a scroll of acquirement
  8829 | D:4      | Acquired the +3 warlock's mirror {reflect}
  8829 | D:4      | Found the +3 warlock's mirror {reflect}
  8855 | D:5      | Entered Level 5 of the Dungeon
  9030 | D:5      | Noticed Ijyb
  9043 | D:5      | Killed Ijyb
  9188 | D:5      | Received a gift from Nemelex Xobeh
  9902 | D:5      | Reached skill level 5 in Dodging
  9902 | D:5      | Reached skill level 6 in Stealth
 10766 | D:5      | Noticed Edmund
 10825 | D:5      | Killed Edmund
 10826 | D:5      | Reached skill level 1 in Shields
 10826 | D:5      | Reached skill level 5 in Spellcasting
 10826 | D:5      | Reached skill level 1 in Conjurations
 10826 | D:5      | Reached XP level 8. HP: 12/36 MP: 1/16
 12123 | D:6      | Reached skill level 5 in Transmutations
 12128 | D:6      | Found the +18 Lear's hauberk
 12153 | D:6      | Reached skill level 7 in Stealth
 12976 | D:6      | Reached skill level 5 in Poison Magic
 13411 | D:6      | Reached ** piety under Nemelex Xobeh
 13658 | D:6      | Reached XP level 9. HP: 39/39 MP: 6/18
 17250 | D:6      | Reached skill level 8 in Stealth
 17485 | D:7      | Slain by a wight

Illustrated notes

Levels and vault maps discovered:
D:1:      matt_arrival_debris, layout_basic, serial_forest,
          infiniplex_forest_end_2, infiniplex_forest_lined_room_2,
          infiniplex_forest_zigzag_1, infiniplex_forest_lined_1,
          infiniplex_forest_straight_4, infiniplex_forest_lined_ring,
          infiniplex_forest_end_2, infiniplex_forest_straight_4,
          infiniplex_forest_end_2, infiniplex_forest_lined_room_2
D:2:      layout_basic, basic_altar, ebering_ecumenical_altar_rust
D:3:      layout_loops_cross, uniq_jessica, uniq_crazy_yiuf_cottage
D:4:      layout_loops_ring, minmay_cupped
D:5:      layout_basic, uniq_edmund, uniq_ijyb
D:6:      wad_crossroads, layout_loops_ring, kennysheep_small_spiral,
          minmay_diced_spiral
D:7:      layout_rooms, minmay_temple_entry_mini_moons,
          gammafunk_ghost_abyssal_escape, serial_bayou_pond_b

Skill      XL: |  1  2  3  4  5  6  7  8  9 |
---------------+----------------------------+-----
Dodging        | 3 4 5 6 |  6.8
Spellcasting   | 3 4 5 6 |  6.2
Transmutations | 2 3 4 5 6 |  6.0
Stealth        | 4 5 6 7 8 |  8.0
Air Magic      | 1 2 3 4 |  4.0
Poison Magic   | 4 5 |  5.4
Short Blades   | 1 2 3 |  3.8
Shields        | 1 2 |  2.4
Conjurations   | 1 2 |  2.3

Action                   |  1- 3 |  4- 6 |  7- 9 || total
-------------------------+-------+-------+-------++-------
Melee: Dagger            |    34 |       |   191 ||   225
       Punch             |     2 |     2 |       ||     4
       Short sword       |       |    61 |    18 ||    79
       Rapier            |       |     1 |       ||     1
 Cast: Sting             |    72 |   119 |    25 ||   216
       Poisonous Vapours |       |    16 |    48 ||    64
Invok: Draw Destruction  |       |       |     4 ||     4
       Draw Escape       |       |       |     1 ||     1
       Draw Summoning    |       |       |     3 ||     3
  Use: Scroll            |     5 |     2 |    10 ||    17
       Potion            |       |       |     4 ||     4
 Stab: Sleeping          |     1 |     6 |     6 ||    13
       Distracted        |       |       |     1 ||     1
Armor: Robe              |     3 |     5 |     4 ||    12
Dodge: Dodged            |    40 |   114 |   139 ||   293
Block: Buckler           |       |       |   112 ||   112
       Reflection        |       |       |    12 ||    12

Table legend: (Time is in decaauts)
 A = Elapsed time spent in this place.
 B = Non-inter-level travel time spent in this place.
 C = Inter-level travel time spent in this place.
 D = Time resting spent in this place.
 E = Time spent auto-exploring this place.
 F = Levels seen in this place.
 G = Mean time per level.
                   A        B        C        D        E       F      G
               +--------+--------+--------+--------+--------+-----+--------+
         Total |  15655 |  15514 |    141 |  10881 |   2909 |   7 | 2236.4 |
       Dungeon |  15655 |  15514 |    141 |  10881 |   2909 |   7 | 2236.4 |
               +--------+--------+--------+--------+--------+-----+--------+

Top non-repeatable levels by time:
     D:6: 5201 daAuts
     D:4: 3420 daAuts
     D:5: 2518 daAuts
     D:2: 1490 daAuts
     D:3: 1470 daAuts
     D:1: 1352 daAuts
     D:7: 202 daAuts
